 Dungeon Crawl Stone Soup version 0.16-a0-3134-g9b1347a (webtiles) character file.

1409 Grim the Cleaver (level 8, -3/105 HPs)
             Began as a Minotaur Berserker on Dec 14, 2014.
             Was an Elder of Trog.
             Slain by Prince Ribbit (9 damage)
             ... on level 6 of the Dungeon.
             The game lasted 00:23:31 (6930 turns).

Grim the Cleaver (Minotaur Berserker)               Turns: 6930, Time: 00:23:31

Health: -3/105     AC: 16    Str: 27    XL:     8   Next: 42%
Magic:  3/3        EV:  9    Int:  4    God:    Trog [****..]
Gold:   178        SH:  0    Dex: 12    Spells: 0 memorised, 7 levels left

rFire  . . .     SeeInvis .     (no weapon)
rCold  . . .     Clarity  +     A - +1 chain mail (curse)
rNeg   . . .     SustAb   .     (no shield)
rPois  .         Gourm    .     (helmet restricted)
rElec  .         Spirit   .     g - +2 cloak
rCorr  .         Warding  .     (no gloves)
rMut   .         Stasis   .     (no boots)
MR     ++...                    e - amulet of clarity
Stlth  ..........               (no ring)
                                E - +2 ring of protection

@: berserking (expiring), regenerating, very quick, very resistant to hostile
enchantments, extremely unstealthy
A: retaliatory headbutt, horns 2
a: Burn Spellbooks, Berserk, Trog's Hand, Brothers in Arms, Renounce Religion


You were on level 6 of the Dungeon.
You worshipped Trog.
Trog was greatly pleased with you.
You were very hungry.

You visited 1 branch of the dungeon, and saw 6 of its levels.

You collected 178 gold pieces.

Inventory:

Hand weapons
 a - a +0 hand axe
Armour
 g - a +2 cloak (worn)
 r - the -5 ring mail "Biulish" {rF++ SInv}
   (You found it on level 5 of the Dungeon)

   It greatly protects you from fire.
   It enhances your eyesight.
 A - a cursed +1 chain mail (worn)
Jewellery
 e - an amulet of clarity (around neck)
 C - an uncursed amulet of resist mutation
 E - a +2 ring of protection (left hand)
 F - an uncursed ring of fire {unknown}
Magical devices
 b - a wand of enslavement (0)
 y - a wand of polymorph (7)
Scrolls
 j - a scroll of fear
 l - a scroll of recharging {unknown}
 m - a scroll of enchant armour
 n - 6 scrolls of teleportation
 s - a scroll of enchant weapon {unknown}
 v - a scroll of holy word {unknown}
 D - a scroll of noise {unknown}
Potions
 d - 3 potions of curing
 f - 5 potions of ambrosia
 i - a potion of magic
 o - a potion of heal wounds
 p - a potion of restore abilities
 q - a potion of cancellation
 t - a potion of might {unknown}
 w - 2 potions of degeneration {!q}
 x - 2 potions of brilliance
 z - a potion of invisibility
 B - a potion of beneficial mutation {unknown}
Books
 u - a book of the Tempests

   Spells                             Type                      Level
   a - Static Discharge               Conjuration/Air              3
   b - Lightning Bolt                 Conjuration/Air              5
   c - Fireball                       Conjuration/Fire             5
   d - Tornado                        Air                          9
   e - Shatter                        Earth                        9
   Trog disapproves of the use of such an item.
Comestibles
 c - 2 bread rations
 h - 3 fruits
 k - a slice of pizza


   Skills:
 * Level 5.7 Fighting
 + Level 11.1 Axes
 * Level 5.0 Armour
 - Level 2.1 Dodging


You had 7 spell levels left.
You didn't know any spells.

Dungeon Overview and Level Annotations

Branches:
Dungeon (6/15)             Temple (0/1) D:5

Altars:
Ashenzari
Makhleb
Okawaru
Trog
The Shining One

Shops:
D:5 [=[?(

Annotations:
D:6 Prince Ribbit


Innate Abilities, Weirdness & Mutations

You reflexively headbutt those who attack you in melee.
You have a pair of horns on your head.


Message History

Your headbutt passes through Prince Ribbit as he momentarily phases out.
Prince Ribbit is severely wounded.
Prince Ribbit misses you.
You completely miss Prince Ribbit.
Your headbutt passes through Prince Ribbit as he momentarily phases out.
Prince Ribbit is severely wounded.
Prince Ribbit hits you!
* * * LOW HITPOINT WARNING * * *
You closely miss Prince Ribbit.
Prince Ribbit is severely wounded.
You are feeling very hungry.
Prince Ribbit blinks!
You feel a strong urge to attack something.
Prince Ribbit hits you.
* * * LOW HITPOINT WARNING * * *
Prince Ribbit momentarily phases out as your attack passes through him.
Your headbutt misses Prince Ribbit.
Prince Ribbit is severely wounded.
Prince Ribbit hits you!
You die...

.................##.#####)
#..........####.##....... #
##..$########.########.
.###.#......................
..........########.#########
####.....## #.# #####.# #.#
#.#########.# #...@F......#
#############


You could see Prince Ribbit.

Vanquished Creatures
  The ghost of BluebellGnoll the Sneak, an experienced SpWn of Okawaru (D:5)
  Eustachio (D:5)
  A phantom (D:4)
  A sky beast (D:6)
  An ogre (D:5)
  A giant frog (D:6)
  The ghost of Grim the Cutter, an average SpEn (D:3)
  2 scorpions
  2 crimson imps
  An iron imp (D:5)
  Crazy Yiuf (D:3)
  An orc priest (D:6)
  A hound (D:4)
  A worker ant (D:5)
  An iguana (D:5)
  7 orc wizards
  A hound skeleton (D:6)
  A mummy (D:6)
  7 adders
  2 giant mites
  A shadow imp (D:5)
  A worm (D:5)
  3 giant geckos
  12 orcs
  A ball python (D:2)
  16 bats
  8 goblins (D:1)
  12 hobgoblins
  2 jackals (D:5)
  8 kobolds
  4 giant cockroaches
  A giant gecko skeleton (D:4)
  5 giant newts
  A giant spore (D:6)
  2 quokka skeletons
  9 rats
  2 ballistomycetes (D:6)
  A fungus (D:3)
124 creatures vanquished.

Notes
Turn   | Place    | Note
--------------------------------------------------------------
     0 | D:1      | Grim, the Minotaur Berserker, began the quest for the Orb.
     0 | D:1      | Reached XP level 1. HP: 19/19 MP: 1/1
   175 | D:1      | Reached skill level 4 in Axes
   204 | D:1      | Reached XP level 2. HP: 23/26 MP: 1/1
   485 | D:1      | Acquired Trog's second power
   506 | D:1      | Found a shattered altar of Ashenzari.
   652 | D:1      | Reached skill level 5 in Axes
   791 | D:1      | Reached XP level 3. HP: 31/31 MP: 2/2
  1448 | D:2      | Found a bloodstained altar of Trog.
  1726 | D:2      | Reached XP level 4. HP: 28/39 MP: 2/2
  1960 | D:2      | Reached skill level 6 in Axes
  2917 | D:3      | Found a glowing golden altar of the Shining One.
  3130 | D:3      | Noticed Grim's ghost (average SpEn)
  3145 | D:3      | Killed Grim's ghost
  3145 | D:3      | Reached skill level 7 in Axes
  3145 | D:3      | Reached XP level 5. HP: 31/45 MP: 2/2
  3645 | D:3      | Noticed Crazy Yiuf
  3814 | D:3      | Killed Crazy Yiuf
  4475 | D:4      | Reached skill level 8 in Axes
  4478 | D:4      | Reached XP level 6. HP: 51/51 MP: 3/3
  4546 | D:4      | Noticed a phantom
  4597 | D:4      | Killed a phantom
  4597 | D:4      | Reached skill level 9 in Axes
  4938 | D:4      | Found a burning altar of Makhleb.
  5306 | D:5      | Entered Level 5 of the Dungeon
  5310 | D:5      | Found Cryckami's Antique Armour Shop.
  5328 | D:5      | Found Yriz Uru's Armour Emporium.
  5337 | D:5      | Noticed Eustachio
  5346 | D:5      | Reached XP level 7. HP: 57/57 MP: 3/3
  5353 | D:5      | Killed Eustachio
  5353 | D:5      | Reached skill level 10 in Axes
  5403 | D:5      | Found Vexziut's Antique Weapon Boutique.
  5508 | D:5      | Got a bloodstained ring mail
  5519 | D:5      | Identified the cursed -5 ring mail "Biulish" {rF++ SInv} (You found it on level 5 of the Dungeon)
  5535 | D:5      | Acquired Trog's third power
  5607 | D:5      | Found an iron altar of Okawaru.
  5649 | D:5      | Found Vitasobb's Jewellery Shoppe.
  5657 | D:5      | Found Qurekan's Magic Scroll Shoppe.
  6046 | D:5      | Noticed BluebellGnoll's ghost (experienced SpWn)
  6053 | D:5      | Killed BluebellGnoll's ghost
  6053 | D:5      | Reached XP level 8. HP: 67/67 MP: 3/3
  6057 | D:5      | Reached skill level 11 in Axes
  6129 | D:5      | Found a staircase to the Ecumenical Temple.
  6470 | D:6      | Reached skill level 5 in Fighting
  6802 | D:6      | Reached skill level 5 in Armour
  6881 | D:6      | Noticed Prince Ribbit
  6925 | D:6      | HP: 3/105 [Prince Ribbit (13)]
  6930 | D:6      | Slain by Prince Ribbit

Action                   |  1- 3 |  4- 6 |  7- 9 || total
-------------------------+-------+-------+-------++-------
Melee: Hand axe          |    90 |    91 |       ||   181
       Unarmed           |       |   123 |   303 ||   426
Invok: Berserk           |       |     3 |     2 ||     5
       Trog's Hand       |       |     1 |     2 ||     3
  Use: Scroll            |       |     9 |     6 ||    15
       Potion            |       |     2 |       ||     2
 Stab: Sleeping          |     1 |       |       ||     1
  Eat: Chunk             |     2 |     4 |       ||     6
       Bread ration      |       |     2 |     1 ||     3
       Meat ration       |       |     1 |       ||     1
